 Dungeon Crawl Stone Soup version 0.30-a0-42-g806c11bf1d (webtiles) character file.

Game seed: 402682421350106172

543 fozzywoppz the Shield-Bearer (level 7, 0/43 HPs)
             Began as a Gargoyle Fighter on Aug 30, 2022.
             Was a Follower of Okawaru.
             Splashed by a jelly's acid (4 damage)
             ... on level 4 of the Dungeon.
             The game lasted 00:09:05 (4085 turns).

fozzywoppz the Shield-Bearer (Gargoyle Fighter)     Turns: 4085, Time: 00:09:06

Health: 0/43       AC:  9    Str: 19    XL:     7   Next: 27%
Magic:  16/16      EV:  9    Int:  9    God:    Okawaru [*.....]
Gold:   112        SH:  5    Dex: 11    Spells: 6/6 levels left

rFire   . . .      SeeInvis .    a - +0 flail
rCold   . . .      Faith    .    c - +0 buckler
rNeg    + . .      Spirit   .    b - +0 scale mail
rPois   ∞          Reflect  .    (no helmet)
rElec   +          Harm     .    m - +0 cloak
rCorr   .          Rampage  .    (no gloves)
Will    .....                    (no boots)
Stlth   ..........               (no amulet)
HPRegen 0.14/turn                e - ring of magical power
MPRegen 0.15/turn                h - ring of flight

@: corroded, flying
A: sickness immunity, AC +4, negative energy resistance 1, electricity
resistance, torment resistance 1, petrification resistance
a: Renounce Religion, Heroism


You were on level 4 of the Dungeon.
You worshipped Okawaru.
Okawaru was aware of your devotion.
You visited 2 branches of the dungeon, and saw 6 of its levels.
You also visited: Ossuary.

You collected 112 gold pieces.

Inventory:

Hand Weapons
 a - a +0 flail (weapon)
 l - a +0 mace
Missiles
 f - 2 silver javelins (quivered)
 s - 3 curare-tipped darts
 t - 4 boomerangs
Armour
 b - a +0 scale mail (worn)
 c - a +0 buckler (worn)
 m - a +0 cloak (worn)
Jewellery
 e - a ring of magical power (left hand)
 h - a ring of flight (right hand)
Scrolls
 i - a scroll of amnesia
 j - 2 scrolls of immolation
 n - 2 scrolls of enchant armour
 p - 4 scrolls of teleportation
 q - 7 scrolls of noise
 w - a scroll of magic mapping
Potions
 d - 2 potions of might
 k - 6 potions of mutation
 o - a potion of curing {unknown}
 u - a potion of haste
 v - 3 potions of flight
 x - a potion of heal wounds {unknown}


   Skills:
 - Level 4.0 Fighting
 + Level 5.4 Maces & Flails
 - Level 4.0 Armour
 - Level 6.0 Shields


You had 6 spell levels left.
You didn't know any spells.
Your spell library contained the following spells:

 Spells                   Type           Power      Damage    Failure   Level
 Magic Dart               Conj           0%         1d3       83%         1
 Sting                    Tmut/Pois      0%         1d3       83%         1
 Poisonous Vapours        Pois/Air       0%         N/A       92%         2
 Static Discharge         Conj/Air       0%         3-3/arc   92%         2
 Mephitic Cloud           Conj/Pois/Air  0%         N/A       99%         3
 Hailstorm                Conj/Ice       0%         3d3       100%        4
 Ice Form                 Ice/Tmut       0%         N/A       100%        4
 Olgreb's Toxic Radiance  Pois           0%         N/A       100%        4
 Lightning Bolt           Conj/Air       0%         1d11      100%        5
 Maxwell's Capacitive Co  Air            0%         ∞         100%        8
 Call Imp                 Summ           Unusable   N/A       N/A         2
 Simulacrum               Ice/Necr       Unusable   N/A       N/A         6

Dungeon Overview and Level Annotations

Branches:
Dungeon (5/15)             Temple (1/1) D:5         Ossuary (visited)

Altars:
Hepliaklqana
Okawaru
Sif Muna
Yredelemnul
Zin
The Shining One


Innate Abilities, Weirdness & Mutations

You are immune to sickness and miasma.
Your stone body is resilient. (AC +4)
You are immune to poison.
You resist negative energy. (rN+)
You are resistant to electric shocks. (rElec)
You are resistant to unholy torment.
You are immune to petrification.


Message History

The quokka barely misses you.
You barely miss the quokka. You block the quokka's attack.
You hit the quokka.
The quokka is heavily wounded.
You block the quokka's attack.
The quokka bites you but does no damage.
You barely miss the quokka.
The quokka is heavily wounded.
The quokka barely misses you.
You sock the quokka!
You kill the quokka!
Okawaru accepts your kill.
You see here a quokka corpse.
Found a ring mail.
A jelly is nearby!
The jelly quivers.
The jelly hits you. The acid corrodes you!
You are splashed with acid!
You hit the jelly.
Your hands burn!
The jelly is moderately wounded.
The jelly hits you but does no damage.
You sock the jelly!
Your hands burn!
The jelly is severely wounded.
The jelly hits you.
You are splashed with acid.
You are too injured to fight recklessly!
You hit the jelly.
Your hands burn!
The jelly is almost dead.
You block the jelly's attack.
You hit the jelly but do no damage.
Your hands burn!
The jelly is severely wounded.
The jelly hits you.
* * * LOW HITPOINT WARNING * * *
You are splashed with acid!
* * * LOW HITPOINT WARNING * * *
Okay, then.
You aren't carrying any items that you can evoke.
You barely miss the jelly.
The jelly is severely wounded.
You block the jelly's attack. The jelly barely misses you.
You hit the jelly but do no damage.
Your hands burn!
You die...

.# .. ... ... ## ..# ..
....##. #.## ..........
......J###..###.........
#......@.....#.#........
#[....................#.
.........†...#........#.
......................##
......#.###...........##
.....######......#....#.
...#.###.###.....#......
...#.........#.......###
#.........##.......##


You could see a jelly.

Vanquished Creatures
  2 phantoms (D:5)
  2 centaur zombies
  2 human zombies (Ossuary)
  An iguana (D:4)
  An orc wizard (D:3)
  2 hound zombies (D:5)
  3 mummies (Ossuary)
  5 adders
  An ufetubus (D:5)
  2 dart slugs
  16 orcs
  2 bats
  3 endoplasms (D:1)
  3 giant cockroaches (D:1)
  3 gnoll zombies (Ossuary)
  8 goblins
  3 hobgoblins
  6 jackals
  A kobold (D:3)
  5 quokkas
  7 ball pythons
  3 frilled lizards
  2 hobgoblin zombies (Ossuary)
  7 rats
90 creatures vanquished.

Notes
Turn   | Place    | Note
-------+----------+-------------------------------------------
     0 | D:1      | fozzywoppz the Gargoyle Fighter began the quest for the
                  | Orb.
     0 | D:1      | Reached XP level 1. HP: 14/14 MP: 1/1
   316 | D:1      | Reached XP level 2. HP: 16/19 MP: 2/2
   749 | D:1      | Reached XP level 3. HP: 17/23 MP: 3/3
  1350 | D:2      | Reached XP level 4. HP: 29/29 MP: 4/4
  1942 | D:3      | Found a faded altar of an unknown god.
  1969 | D:3      | Noticed an ice beast
  2208 | D:3      | Reached skill level 4 in Shields
  2474 | D:3      | Reached XP level 5. HP: 33/33 MP: 5/5
  2535 | D:3      | Found a shimmering blue altar of Sif Muna.
  2643 | D:3      | You are sucked into a shaft and drop 2 floors!
  2643 | D:5      | Entered Level 5 of the Dungeon
  2646 | D:5      | Found a staircase to the Ecumenical Temple.
  2671 | Temple   | Entered the Ecumenical Temple
  2692 | Temple   | Became a worshipper of Warmaster Okawaru
  2765 | D:5      | Noticed a phantom
  2770 | D:5      | Noticed a phantom
  2782 | D:5      | Killed a phantom
  2783 | D:5      | Reached skill level 5 in Shields
  2783 | D:5      | Reached XP level 6. HP: 25/38 MP: 6/6
  2821 | D:5      | Found a sand-covered staircase.
  2826 | Ossuary  | Entered an ossuary
  3297 | Ossuary  | Reached * piety under Okawaru
  3369 | Ossuary  | Reached skill level 6 in Shields
  3369 | Ossuary  | Reached XP level 7. HP: 39/43 MP: 7/7
  3436 | Ossuary  | Reached skill level 5 in Maces & Flails
  4085 | D:4      | Splashed by a jelly's acid

Illustrated notes

Levels and vault maps discovered:
D:1:      dpeg_arrival_prison, layout_basic
D:2:      layout_rooms
D:3:      layout_loops_corners, mainiacjoe_overflow_tiny_flanked,
          shapermc_ecumenical_altar_flowoftime
D:4:      layout_cave_pools, uniq_robin
D:5:      layout_basic, ashenzari_conservatory_becter,
          minmay_temple_entry_ruins, nicolae_ossuary_entry_false_entrances,
          serial_undead, serial_undead_d, serial_undead_f, serial_undead_b,
          serial_undead_e, serial_undead_f, serial_undead_a, serial_undead_b,
          serial_undead_d
Temple:   nicolae_temple_god_jail

Skill      XL: |  1  2  3  4  5  6  7 |
---------------+----------------------+-----
Armour         | 4 |  4.0
Fighting       | 4 |  4.0
Shields        | 4 5 6 |  6.0
Maces & Flails | 3 4 5 |  5.4

Action                   |  1- 3 |  4- 6 |  7- 9 || total
-------------------------+-------+-------+-------++-------
Melee: Flail             |   121 |   177 |    87 ||   385
  Use: Scroll            |       |     4 |     3 ||     7
       Potion            |       |     2 |       ||     2
Armor: Scale mail        |    87 |   132 |    78 ||   297
Dodge: Dodged            |    86 |   105 |    59 ||   250
Block: Buckler           |    26 |    54 |    33 ||   113

Table legend: (Time is in decaauts)
 A = Elapsed time spent in this place.
 B = Non-inter-level travel time spent in this place.
 C = Inter-level travel time spent in this place.
 D = Time resting spent in this place.
 E = Time spent auto-exploring this place.
 F = Levels seen in this place.
 G = Mean time per level.
                   A        B        C        D        E       F      G
               +--------+--------+--------+--------+--------+-----+--------+
         Total |   4168 |   4111 |     57 |    698 |   2127 |   7 |  595.4 |
       Dungeon |   3439 |   3382 |     57 |    336 |   2115 |   5 |  687.8 |
        Temple |     33 |     33 |      0 |      0 |      3 |   1 |   33.0 |
       Ossuary |    695 |    695 |      0 |    362 |      9 |   1 |  695.0 |
               +--------+--------+--------+--------+--------+-----+--------+

Top non-repeatable levels by time:
     D:1: 1128 daAuts
     D:3: 884 daAuts
 Ossuary: 695 daAuts
     D:2: 684 daAuts
     D:4: 556 daAuts
     D:5: 185 daAuts
  Temple: 33 daAuts
